| TOP OF THE 1ST |
|
Richmond Braves batting - Pitching for Buffalo Bisons : RHP Wade Adamson
|
|
Pitching: RHP Wade Adamson
|
|
|
Batting: RHB Dave Stegman
|
0-0: Ball 1-0: Fly out, F3 (Popup, 3SF, EV 78.8 MPH)
|
|
Batting: RHB Mike Fuentes
|
0-0: Swinging Strike 0-1: Called Strike 0-2: Ball 1-2: Ground out 6-3 (Groundball, 6, EV 86.9 MPH)
|
|
Batting: SHB Howard Johnson
|
0-0: Ball 1-0: Called Strike 1-1: Called Strike 1-2: Ball 2-2: Foul Ball, location: 2F 2-2: Ball 3-2: Foul Ball, location: 2F 3-2: Foul Ball, location: 2F 3-2: Base on Balls
|
|
Batting: LHB Chris Evans
|
0-0: Called Strike 0-1: Ball 1-1: Ground out 4-3 (Groundball, 34D, EV 98.8 MPH)
|
| Top of the 1st over - 0 runs, 0 hits, 0 errors, 1 left on base; Richmond 0 - Buffalo 0 |
| BOTTOM OF THE 1ST |
|
Buffalo Bisons batting - Pitching for Richmond Braves : RHP Pete Hamm
|
|
Pitching: RHP Pete Hamm
|
|
|
Batting: RHB Juan Villa
|
0-0: Swinging Strike 0-1: Ground out 6-3 (Groundball, P, EV 90.0 MPH)
|
|
Batting: LHB Gene Krug
|
0-0: Foul Ball, location: 2F 0-1: Ground out 4-3 (Groundball, 34D, EV 110.0 MPH)
|
|
Batting: SHB George D Wright
|
0-0: Fly out, F7 (Flyball, 7LS, EV 98.8 MPH)
|
| Bottom of the 1st over - 0 runs, 0 hits, 0 errors, 0 left on base; Richmond 0 - Buffalo 0 |
| TOP OF THE 2ND |
|
Richmond Braves batting - Pitching for Buffalo Bisons : RHP Wade Adamson
|
|
Batting: RHB Craig Kusick
|
0-0: Ball 1-0: Called Strike 1-1: Foul Ball, location: 2F 1-2: Ball 2-2: Fly out, F9 (Line Drive, 9D, EV 83.8 MPH)
|
|
Batting: LHB Matt Winters
|
0-0: Called Strike 0-1: Called Strike 0-2: Foul Ball, location: 2F 0-2: Foul Ball, location: 2F 0-2: Ball 1-2: Ball 2-2: Ground out 2-3 (Groundball, 13S, EV 70.6 MPH)
|
|
Batting: LHB Dan Rohn
|
0-0: Ball 1-0: Ball 2-0: Called Strike 2-1: Ball 3-1: Foul Ball, location: 2F 3-2: Foul Ball, location: 2F 3-2: SINGLE (Groundball, 34S, EV 68.1 MPH) (infield hit)
|
|
Batting: SHB Julio Cruz
|
0-0: Ball 1-0: Ball 2-0: Foul Ball, location: 2F 2-1: Ball 3-1: Fielders Choice at 2nd, 5-4 (Groundball, 5, EV 77.5 MPH)
|
| Top of the 2nd over - 0 runs, 1 hit, 0 errors, 1 left on base; Richmond 0 - Buffalo 0 |
| BOTTOM OF THE 2ND |
|
Buffalo Bisons batting - Pitching for Richmond Braves : RHP Pete Hamm
|
|
Batting: RHB Philip Klimas
|
0-0: Ball 1-0: Fly out, F8 (Flyball, 89M, EV 93.1 MPH)
|
|
Batting: RHB Bill Bathe
|
0-0: Called Strike 0-1: DOUBLE (Line Drive, 5D, EV 98.8 MPH)
|
|
Batting: RHB Pat Keedy
|
0-0: Ball 1-0: Called Strike 1-1: Foul Ball, location: 2F 1-2: Foul Ball, location: 2F 1-2: Strikes out looking
|
|
Batting: LHB Bob Skube
|
0-0: Ball 1-0: Ball 2-0: Ground out 4-3 (Groundball, 4, EV 83.8 MPH)
|
| Bottom of the 2nd over - 0 runs, 1 hit, 0 errors, 1 left on base; Richmond 0 - Buffalo 0 |
| TOP OF THE 3RD |
|
Richmond Braves batting - Pitching for Buffalo Bisons : RHP Wade Adamson
|
|
Batting: SHB Donnie Scott
|
0-0: Called Strike 0-1: Fly out, F8 (Flyball, 8RD, EV 100.6 MPH)
|
|
Batting: RHB Dave Stegman
|
0-0: Fly out, F9 (Flyball, 9D, EV 93.1 MPH)
|
|
Batting: RHB Mike Fuentes
|
0-0: Ball 1-0: Called Strike 1-1: Foul Ball, location: 2F 1-2: Foul Ball, location: 2F 1-2: Foul Ball, location: 2F 1-2: Foul Ball, location: 2F 1-2: SINGLE (Groundball, 25, EV 76.3 MPH) (infield hit)
|
|
Batting: SHB Howard Johnson
|
0-0: Ball 1-0: Ground out U3 (Groundball, 23, EV 84.4 MPH)
|
| Top of the 3rd over - 0 runs, 1 hit, 0 errors, 1 left on base; Richmond 0 - Buffalo 0 |
| BOTTOM OF THE 3RD |
|
Buffalo Bisons batting - Pitching for Richmond Braves : RHP Pete Hamm
|
|
Batting: RHB Stephen Chandler
|
0-0: Ground out 4-3 (Groundball, 4, EV 80.6 MPH)
|
|
Batting: RHB Carlos Matamoros
|
0-0: Foul Ball, location: 2F 0-1: Ball 1-1: Ball 2-1: Called Strike 2-2: Ball 3-2: Fly out, F9 (Flyball, 9, EV 93.1 MPH)
|
|
Batting: RHB Juan Villa
|
0-0: Called Strike 0-1: Fly out, F4 (Flyball, 34D, EV 88.1 MPH)
|
| Bottom of the 3rd over - 0 runs, 0 hits, 0 errors, 0 left on base; Richmond 0 - Buffalo 0 |
| TOP OF THE 4TH |
|
Richmond Braves batting - Pitching for Buffalo Bisons : RHP Wade Adamson
|
|
Batting: LHB Chris Evans
|
0-0: Called Strike 0-1: Ball 1-1: SINGLE (Groundball, 4MD, EV 105.0 MPH)
|
|
Batting: RHB Craig Kusick
|
0-0: Fly out, F9 (Line Drive, 9D, EV 96.3 MPH)
|
|
Batting: LHB Matt Winters
|
0-0: Ball 1-0: Ball 2-0: Foul Ball, location: 2F 2-1: Foul Ball, location: 2F 2-2: Strikes out swinging
|
|
Batting: LHB Dan Rohn
|
0-0: Foul Ball, location: 2F 0-1: Called Strike 0-2: Ball 1-2: Foul Ball, location: 2F 1-2: Foul Ball, location: 2F 1-2: Ball 2-2: Ball 3-2: Foul Ball, location: 2F 3-2: Fly out, F7 (Flyball, 78M, EV 82.5 MPH)
|
| Top of the 4th over - 0 runs, 1 hit, 0 errors, 1 left on base; Richmond 0 - Buffalo 0 |
| BOTTOM OF THE 4TH |
|
Buffalo Bisons batting - Pitching for Richmond Braves : RHP Pete Hamm
|
|
Batting: LHB Gene Krug
|
0-0: Ball 1-0: Called Strike 1-1: Fly out, F9 (Flyball, 89S, EV 85.0 MPH)
|
|
Batting: SHB George D Wright
|
0-0: Ball 1-0: SINGLE (Line Drive, 9S, EV 110.0 MPH)
|
|
Batting: RHB Philip Klimas
|
0-0: Called Strike 0-1: Called Strike 0-2: Foul Ball, location: 2F 0-2: Ball 1-2: Strikes out swinging
|
|
Batting: RHB Bill Bathe
|
0-0: Called Strike 0-1: Fly out, F3 (Line Drive, 3, EV 68.1 MPH)
|
| Bottom of the 4th over - 0 runs, 1 hit, 0 errors, 1 left on base; Richmond 0 - Buffalo 0 |
| TOP OF THE 5TH |
|
Richmond Braves batting - Pitching for Buffalo Bisons : RHP Wade Adamson
|
|
Batting: SHB Julio Cruz
|
0-0: Ball 1-0: Fly out, F8 (Flyball, 8LD, EV 88.8 MPH)
|
|
Batting: SHB Donnie Scott
|
0-0: Ball 1-0: Swinging Strike 1-1: Fly out, F7 (Flyball, 7, EV 86.3 MPH)
|
|
Batting: RHB Dave Stegman
|
0-0: Fly out, F9 (Line Drive, 9, EV 99.4 MPH)
|
| Top of the 5th over - 0 runs, 0 hits, 0 errors, 0 left on base; Richmond 0 - Buffalo 0 |
| BOTTOM OF THE 5TH |
|
Buffalo Bisons batting - Pitching for Richmond Braves : RHP Pete Hamm
|
|
Batting: RHB Pat Keedy
|
0-0: Called Strike 0-1: Called Strike 0-2: Ball 1-2: Ball 2-2: Fly out, F9 (Flyball, 9S, EV 84.4 MPH)
|
|
Batting: LHB Bob Skube
|
0-0: Ball 1-0: Foul Ball, location: 2F 1-1: Ball 2-1: Ball 3-1: Base on Balls
|
|
Batting: RHB Stephen Chandler
|
0-0: Called Strike 0-1: Ball 1-1: SINGLE (Groundball, 56D, EV 103.8 MPH) Bob Skube to second
|
|
Batting: RHB Carlos Matamoros
|
0-0: Fielders Choice at 2nd, 4-6 (Groundball, 4S, EV 89.4 MPH) Bob Skube to third
|
|
Batting: RHB Juan Villa
|
0-0: Ball 1-0: Fly out, F7 (Line Drive, 7, EV 88.8 MPH)
|
| Bottom of the 5th over - 0 runs, 1 hit, 0 errors, 2 left on base; Richmond 0 - Buffalo 0 |
| TOP OF THE 6TH |
|
Richmond Braves batting - Pitching for Buffalo Bisons : RHP Wade Adamson
|
|
Batting: RHB Mike Fuentes
|
0-0: Called Strike 0-1: Ball 1-1: Foul Ball, location: 2F 1-2: Foul Ball, location: 2F 1-2: Fly out, F7 (Flyball, 78M, EV 90.0 MPH)
|
|
Batting: SHB Howard Johnson
|
0-0: Ball 1-0: Fly out, F8 (Line Drive, 8RD, EV 86.3 MPH)
|
|
Batting: LHB Chris Evans
|
0-0: Called Strike 0-1: Swinging Strike 0-2: SINGLE (Groundball, 3D, EV 97.5 MPH)
|
|
Batting: RHB Craig Kusick
|
0-0: Ball Balk! Chris Evans to second 1-0: Foul Ball, location: 2F 1-1: Foul Ball, location: 2F 1-2: Ball 2-2: Foul Ball, location: 2F 2-2: SINGLE (Groundball, 6M, EV 97.5 MPH) (infield hit) Chris Evans to third
|
|
Batting: LHB Matt Winters
|
0-0: Ball 1-0: Ball 2-0: Ball 3-0: Called Strike 3-1: Called Strike 3-2: Base on Balls Craig Kusick to second
|
|
Batting: LHB Dan Rohn
|
0-0: Ball 1-0: Reached on error, E7 (Flyball, 7D, EV 98.8 MPH) Chris Evans scores Craig Kusick scores Matt Winters to third
|
|
Batting: SHB Julio Cruz
|
0-0: Ball 1-0: Called Strike 1-1: Ground out 4-3 (Groundball, 4, EV 98.1 MPH)
|
| Top of the 6th over - 2 runs, 2 hits, 1 error, 2 left on base; Richmond 2 - Buffalo 0 |
| BOTTOM OF THE 6TH |
|
Buffalo Bisons batting - Pitching for Richmond Braves : RHP Pete Hamm
|
|
Batting: LHB Gene Krug
|
0-0: Ground out 4-3 (Groundball, 4, EV 91.9 MPH)
|
|
Batting: SHB George D Wright
|
0-0: Ball 1-0: SINGLE (Groundball, 56S, EV 73.1 MPH) (infield hit)
|
|
Batting: RHB Philip Klimas
|
0-0: Ball 1-0: Swinging Strike 1-1: Ball 2-1: Foul Ball, location: 2F 2-2: Strikes out swinging
|
|
Batting: RHB Bill Bathe
|
0-0: Ball George D Wright steals 2nd, throwing error, E2 George D Wright to third 1-0: Called Strike 1-1: Ground out 6-3 (Groundball, 6, EV 83.8 MPH)
|
| Bottom of the 6th over - 0 runs, 1 hit, 1 error, 1 left on base; Richmond 2 - Buffalo 0 |
| TOP OF THE 7TH |
|
Richmond Braves batting - Pitching for Buffalo Bisons : RHP Wade Adamson
|
|
Batting: SHB Donnie Scott
|
0-0: Ground out 4-3 (Groundball, 4, EV 90.0 MPH)
|
|
Batting: RHB Dave Stegman
|
0-0: Ball 1-0: Foul Ball, location: 2F 1-1: Foul Ball, location: 2F 1-2: Ball 2-2: Ball 3-2: Ground out 4-3 (Groundball, 4M, EV 100.6 MPH)
|
|
Batting: RHB Mike Fuentes
|
0-0: Ball 1-0: Foul Ball, location: 2F 1-1: Ball 2-1: Fly out, F4 (Popup, 34, EV 70.0 MPH)
|
| Top of the 7th over - 0 runs, 0 hits, 0 errors, 0 left on base; Richmond 2 - Buffalo 0 |
| BOTTOM OF THE 7TH |
|
Buffalo Bisons batting - Pitching for Richmond Braves : RHP Pete Hamm
|
|
Batting: RHB Pat Keedy
|
0-0: Fly out, F7 (Flyball, 7, EV 86.9 MPH)
|
|
Pitching: LHP Javier Cruc
|
|
|
Batting: LHB Bob Skube
|
0-0: Ground out 4-3 (Groundball, 4, EV 100.6 MPH)
|
|
Batting: RHB Stephen Chandler
|
0-0: Called Strike 0-1: Ball 1-1: Ball 2-1: Called Strike 2-2: Foul Ball, location: 2F 2-2: Strikes out swinging, 2-3 out at first.
|
| Bottom of the 7th over - 0 runs, 0 hits, 0 errors, 0 left on base; Richmond 2 - Buffalo 0 |
| TOP OF THE 8TH |
|
Richmond Braves batting - Pitching for Buffalo Bisons : RHP Wade Adamson
|
|
Batting: SHB Howard Johnson
|
0-0: Foul Ball, location: 2F 0-1: Called Strike 0-2: Ball 1-2: Ball 2-2: Fly out, F8 (Flyball, 78D, EV 95.0 MPH)
|
|
Batting: LHB Chris Evans
|
0-0: Called Strike 0-1: Ball 1-1: Called Strike 1-2: Ball 2-2: Ball 3-2: Base on Balls
|
|
Batting: RHB Craig Kusick
|
0-0: Called Strike 0-1: Grounds into double play, 5-4-3 (Groundball, 5, EV 107.5 MPH)
|
| Top of the 8th over - 0 runs, 0 hits, 0 errors, 0 left on base; Richmond 2 - Buffalo 0 |
| BOTTOM OF THE 8TH |
|
Buffalo Bisons batting - Pitching for Richmond Braves : LHP Javier Cruc
|
|
Batting: RHB Carlos Matamoros
|
0-0: Foul Ball, location: 2F 0-1: Ball 1-1: Foul Ball, location: 2F 1-2: Ball 2-2: Foul Ball, location: 2F 2-2: Foul Ball, location: 2F 2-2: Ball 3-2: Base on Balls
|
|
Batting: RHB Juan Villa
|
0-0: Ball 1-0: Called Strike 1-1: Fly out, F9 (Flyball, 9S, EV 76.9 MPH)
|
|
Batting: LHB Gene Krug
|
0-0: Ball 1-0: Ball 2-0: 2-RUN HOME RUN (Flyball, 89XD, EV 105.6 MPH), Distance : 441 ft
|
|
Batting: SHB George D Wright
|
0-0: Ground out 6-3 (Groundball, 6, EV 87.5 MPH)
|
|
Batting: RHB Philip Klimas
|
0-0: Ball 1-0: Foul Ball, location: 2F 1-1: Swinging Strike 1-2: Foul Ball, location: 2F 1-2: Ball 2-2: Fly out, F8 (Line Drive, 8LD, EV 105.0 MPH)
|
| Bottom of the 8th over - 2 runs, 1 hit, 0 errors, 0 left on base; Richmond 2 - Buffalo 2 |
| TOP OF THE 9TH |
|
Richmond Braves batting - Pitching for Buffalo Bisons : RHP Wade Adamson
|
|
Pitching: RHP John Stuper
|
|
|
Batting: LHB Matt Winters
|
0-0: Called Strike 0-1: Ball 1-1: Ball 2-1: Foul Ball, location: 2F 2-2: Ball 3-2: Fly out, F8 (Flyball, 8LXD, EV 103.8 MPH)
|
|
Batting: LHB Dan Rohn
|
0-0: Ball 1-0: Foul Ball, location: 2F 1-1: Ball 2-1: Ground out 4-3 (Groundball, 4S, EV 72.5 MPH)
|
|
Batting: SHB Julio Cruz
|
0-0: Called Strike 0-1: Ball 1-1: Ball 2-1: Ball 3-1: SINGLE (Line Drive, 34, EV 103.1 MPH)
|
|
Batting: SHB Donnie Scott
|
0-0: Called Strike Julio Cruz steals 2nd base (no throw) 0-1: Ball 1-1: Called Strike 1-2: Foul Ball, location: 2F 1-2: Strikes out looking
|
| Top of the 9th over - 0 runs, 1 hit, 0 errors, 1 left on base; Richmond 2 - Buffalo 2 |
| BOTTOM OF THE 9TH |
|
Buffalo Bisons batting - Pitching for Richmond Braves : LHP Javier Cruc
|
|
Batting: RHB Bill Bathe
|
0-0: Foul Ball, location: 2F 0-1: Ball 1-1: Called Strike 1-2: Fly out, F7 (Flyball, 78M, EV 88.8 MPH)
|
|
Batting: RHB Pat Keedy
|
0-0: SINGLE (Flyball, 8LS, EV 91.3 MPH)
|
|
Pinch Hitting: RHB John Seefried
|
0-0: Bunted foul 0-1: Ball Pat Keedy steals 2nd base 1-1: Foul Ball, location: 2F 1-2: Ball 2-2: Strikes out swinging
|
|
Batting: RHB Stephen Chandler
|
0-0: Called Strike 0-1: Foul Ball, location: 2F 0-2: Ball 1-2: Strikes out swinging
|
| Bottom of the 9th over - 0 runs, 1 hit, 0 errors, 1 left on base; Richmond 2 - Buffalo 2 |
| TOP OF THE 10TH |
|
Richmond Braves batting - Pitching for Buffalo Bisons : RHP John Stuper
|
|
Now in RF: John Denman
|
|
|
Batting: RHB Dave Stegman
|
0-0: Called Strike 0-1: Hit by Pitch
|
|
Batting: RHB Mike Fuentes
|
0-0: Foul Ball, location: 2F 0-1: Ball 1-1: Ball 2-1: Called Strike 2-2: Foul Ball, location: 2F 2-2: Strikes out looking
|
|
Batting: SHB Howard Johnson
|
0-0: Ball 1-0: Called Strike 1-1: Ball 2-1: Foul Ball, location: 2F 2-2: Foul Ball, location: 2F 2-2: Ball 3-2: Foul Ball, location: 2F 3-2: SINGLE (Groundball, 34D, EV 95.0 MPH) Dave Stegman to second Runner from 2nd tries for 3rd, OUT! 9-5
|
|
Batting: LHB Chris Evans
|
0-0: Called Strike 0-1: Fielders Choice at 2nd, U6 (Groundball, 6M, EV 105.0 MPH)
|
| Top of the 10th over - 0 runs, 1 hit, 0 errors, 1 left on base; Richmond 2 - Buffalo 2 |
| BOTTOM OF THE 10TH |
|
Buffalo Bisons batting - Pitching for Richmond Braves : LHP Javier Cruc
|
|
Pitching: LHP Richard Mahlmann
|
|
|
Batting: RHB Carlos Matamoros
|
0-0: Foul Ball, location: 2F 0-1: Fly out, F7 (Flyball, 7, EV 71.9 MPH)
|
|
Batting: RHB Juan Villa
|
0-0: Ball 1-0: Ball 2-0: Foul Ball, location: 2F 2-1: Foul Ball, location: 2F 2-2: Foul Ball, location: 2F 2-2: Ground out 4-3 (Groundball, 4, EV 80.0 MPH)
|
|
Batting: LHB Gene Krug
|
0-0: Foul Ball, location: 2F 0-1: Ball 1-1: Ball 2-1: SINGLE (Line Drive, 9S, EV 95.0 MPH)
|
|
Batting: SHB George D Wright
|
0-0: Called Strike 0-1: Ground out 1-3 (Groundball, 13S, EV 71.3 MPH)
|
| Bottom of the 10th over - 0 runs, 1 hit, 0 errors, 1 left on base; Richmond 2 - Buffalo 2 |
| TOP OF THE 11TH |
|
Richmond Braves batting - Pitching for Buffalo Bisons : RHP John Stuper
|
|
Batting: RHB Craig Kusick
|
0-0: Fly out, F5 (Popup, 25F, EV 80.6 MPH)
|
|
Batting: LHB Matt Winters
|
0-0: Called Strike 0-1: Ball 1-1: Ball 2-1: Ball 3-1: Foul Ball, location: 2F 3-2: Foul Ball, location: 2F 3-2: SINGLE (Groundball, 34D, EV 96.9 MPH)
|
|
Batting: LHB Dan Rohn
|
0-0: Fly out, F7 (Line Drive, 7D, EV 98.1 MPH)
|
|
Batting: SHB Julio Cruz
|
0-0: Called Strike Matt Winters steals 2nd base 0-1: Ball 1-1: Foul Ball, location: 2F 1-2: Strikes out looking
|
| Top of the 11th over - 0 runs, 1 hit, 0 errors, 1 left on base; Richmond 2 - Buffalo 2 |
| BOTTOM OF THE 11TH |
|
Buffalo Bisons batting - Pitching for Richmond Braves : LHP Richard Mahlmann
|
|
Batting: RHB Philip Klimas
|
0-0: Ball 1-0: Ball 2-0: Called Strike 2-1: Ball 3-1: Called Strike 3-2: Strikes out looking
|
|
Batting: RHB Bill Bathe
|
0-0: Ball 1-0: Swinging Strike 1-1: Foul Ball, location: 2F 1-2: Ball 2-2: Strikes out looking
|
|
Batting: RHB Pat Keedy
|
0-0: Fly out, F9 (Flyball, 9S, EV 90.6 MPH)
|
| Bottom of the 11th over - 0 runs, 0 hits, 0 errors, 0 left on base; Richmond 2 - Buffalo 2 |
| TOP OF THE 12TH |
|
Richmond Braves batting - Pitching for Buffalo Bisons : RHP John Stuper
|
|
Pitching: LHP Buddy Black
|
|
|
Pinch Hitting: RHB John Freitas
|
0-0: Ball 1-0: Foul Ball, location: 2F 1-1: Ball 2-1: Swinging Strike 2-2: Ball 3-2: Base on Balls
|
|
Batting: RHB Dave Stegman
|
0-0: Called Strike 0-1: Foul Ball, location: 2F 0-2: Ball 1-2: Strikes out looking
|
|
Batting: RHB Mike Fuentes
|
0-0: Ball 1-0: Fly out, F9 (Flyball, 9D, EV 91.3 MPH)
|
|
Batting: SHB Howard Johnson
|
0-0: SINGLE (Line Drive, 4MD, EV 96.3 MPH) John Freitas to second
|
|
Pinch Runner at 2nd Max Venable:
|
|
|
Batting: LHB Chris Evans
|
0-0: Ball 1-0: Called Strike 1-1: Swinging Strike 1-2: Strikes out swinging
|
| Top of the 12th over - 0 runs, 1 hit, 0 errors, 2 left on base; Richmond 2 - Buffalo 2 |
| BOTTOM OF THE 12TH |
|
Buffalo Bisons batting - Pitching for Richmond Braves : LHP Richard Mahlmann
|
|
Now at C: Marc Sullivan
|
|
|
Batting: RHB John Denman
|
0-0: Ball 1-0: Fly out, F9 (Flyball, 9LS, EV 80.0 MPH)
|
|
Batting: RHB Stephen Chandler
|
0-0: Called Strike 0-1: Ball 1-1: Called Strike 1-2: Fly out, F6 (Popup, P, EV 81.3 MPH)
|
|
Batting: RHB Carlos Matamoros
|
0-0: Ball 1-0: Called Strike 1-1: Ball 2-1: Swinging Strike 2-2: SINGLE (Line Drive, 6D, EV 101.9 MPH)
|
|
Batting: RHB Juan Villa
|
0-0: Called Strike 0-1: Foul Ball, location: 2F 0-2: Ball 1-2: Ball Carlos Matamoros steals 2nd base (no throw) 2-2: Fly out, F7 (Line Drive, 7, EV 90.0 MPH)
|
| Bottom of the 12th over - 0 runs, 1 hit, 0 errors, 1 left on base; Richmond 2 - Buffalo 2 |
| TOP OF THE 13TH |
|
Richmond Braves batting - Pitching for Buffalo Bisons : LHP Buddy Black
|
|
Batting: RHB Craig Kusick
|
0-0: Fly out, F2 (Popup, 23F, EV 91.9 MPH)
|
|
Batting: LHB Matt Winters
|
0-0: Ball 1-0: Swinging Strike 1-1: Ball 2-1: Fly out, F9 (Flyball, 9D, EV 73.8 MPH)
|
|
Batting: LHB Dan Rohn
|
0-0: Foul Ball, location: 2F 0-1: Ball 1-1: SINGLE (Groundball, 34D, EV 105.6 MPH)
|
|
Batting: SHB Julio Cruz
|
0-0: Called Strike Dan Rohn is caught stealing 2nd base 2-4
|
| Top of the 13th over - 0 runs, 1 hit, 0 errors, 0 left on base; Richmond 2 - Buffalo 2 |
| BOTTOM OF THE 13TH |
|
Buffalo Bisons batting - Pitching for Richmond Braves : LHP Richard Mahlmann
|
|
Batting: LHB Gene Krug
|
0-0: Called Strike 0-1: Fly out, F8 (Flyball, 8LD, EV 101.9 MPH)
|
|
Batting: SHB George D Wright
|
0-0: Reached on error, E8 (Flyball, 89D, EV 81.3 MPH)
|
|
Batting: RHB Philip Klimas
|
0-0: Swinging Strike 0-1: Ball 1-1: Ball 2-1: Swinging Strike 2-2: Foul Ball, location: 2F 2-2: Strikes out swinging
|
|
Pitching: RHP David Drumright
|
|
|
Pinch Hitting: LHB Doe Boyland
|
0-0: Ball 1-0: Ball 2-0: Swinging Strike 2-1: Swinging Strike 2-2: Strikes out swinging, 2-3 out at first.
|
| Bottom of the 13th over - 0 runs, 0 hits, 1 error, 1 left on base; Richmond 2 - Buffalo 2 |
| TOP OF THE 14TH |
|
Richmond Braves batting - Pitching for Buffalo Bisons : LHP Buddy Black
|
|
Pitching: RHP Terry Clark
|
|
|
Now at C: Pat Callahan
|
|
|
Batting: SHB Julio Cruz
|
0-0: Ground out U3 (Groundball, 34, EV 86.9 MPH)
|
|
Batting: RHB Marc Sullivan
|
0-0: Reached on error, E6 (Groundball, 6, EV 96.3 MPH)
|
|
Batting: RHB Dave Stegman
|
0-0: Called Strike 0-1: Ball 1-1: Fly out, F4 (Line Drive, 4, EV 63.8 MPH)
|
|
Batting: RHB Mike Fuentes
|
0-0: Ground out 4-3 (Groundball, 4MS, EV 65.0 MPH)
|
| Top of the 14th over - 0 runs, 0 hits, 1 error, 1 left on base; Richmond 2 - Buffalo 2 |
| BOTTOM OF THE 14TH |
|
Buffalo Bisons batting - Pitching for Richmond Braves : RHP David Drumright
|
|
Pinch Hitting: LHB Phillip Baskerville
|
0-0: Called Strike 0-1: Fly out, F9 (Line Drive, 9, EV 87.5 MPH)
|
|
Pinch Hitting: LHB Gary Rajsich
|
0-0: Ball 1-0: Ball 2-0: Ball 3-0: Called Strike 3-1: Base on Balls
|
|
Batting: RHB Stephen Chandler
|
0-0: Called Strike Gary Rajsich is caught stealing 2nd base 2-4 0-1: Ball 1-1: Ball 2-1: Called Strike 2-2: Strikes out looking
|
| Bottom of the 14th over - 0 runs, 0 hits, 0 errors, 0 left on base; Richmond 2 - Buffalo 2 |
| TOP OF THE 15TH |
|
Richmond Braves batting - Pitching for Buffalo Bisons : RHP Terry Clark
|
|
Now at SS: Nicholas Kintz
|
|
|
Now in RF: Gary Rajsich
|
|
|
Batting: SHB Howard Johnson
|
0-0: Called Strike 0-1: Foul Ball, location: 2F 0-2: Ground out 4-3 (Groundball, 4M, EV 106.3 MPH)
|
|
Batting: LHB Chris Evans
|
0-0: Ball 1-0: Swinging Strike 1-1: Ball 2-1: Ground out U3 (Groundball, 34S, EV 67.5 MPH)
|
|
Batting: RHB Craig Kusick
|
0-0: Called Strike 0-1: Ball 1-1: Fly out, F9 (Flyball, 9D, EV 90.0 MPH)
|
| Top of the 15th over - 0 runs, 0 hits, 0 errors, 0 left on base; Richmond 2 - Buffalo 2 |
| BOTTOM OF THE 15TH |
|
Buffalo Bisons batting - Pitching for Richmond Braves : RHP David Drumright
|
|
Batting: RHB Carlos Matamoros
|
0-0: Foul Ball, location: 2F 0-1: Ground out 4-3 (Groundball, 4M, EV 84.4 MPH)
|
|
Batting: RHB Juan Villa
|
0-0: Called Strike 0-1: Ground out 3-1 (Groundball, 34S, EV 92.5 MPH)
|
|
Batting: LHB Gene Krug
|
0-0: Called Strike 0-1: Ball 1-1: Ball 2-1: Ball 3-1: Fly out, F5 (Flyball, 5D, EV 88.8 MPH)
|
| Bottom of the 15th over - 0 runs, 0 hits, 0 errors, 0 left on base; Richmond 2 - Buffalo 2 |
| TOP OF THE 16TH |
|
Richmond Braves batting - Pitching for Buffalo Bisons : RHP Terry Clark
|
|
Batting: LHB Matt Winters
|
0-0: Called Strike 0-1: Foul Ball, location: 2F 0-2: Foul Ball, location: 2F 0-2: Ball 1-2: Ball 2-2: Ball 3-2: Base on Balls
|
|
Batting: LHB Dan Rohn
|
0-0: Called Strike 0-1: Ball 1-1: Fly out, F7 (Line Drive, 7, EV 98.8 MPH)
|
|
Pitching: LHP Richard Graser
|
|
|
Batting: SHB Julio Cruz
|
0-0: Ball 1-0: Bunt missed! 1-1: Ball 2-1: Bunt missed! 2-2: Ball 3-2: Ground out 6-3 (Groundball, 6, EV 87.5 MPH) Matt Winters to second
|
|
Batting: RHB Marc Sullivan
|
0-0: Ball 1-0: Called Strike 1-1: Fly out, F7 (Flyball, 7D, EV 94.4 MPH)
|
| Top of the 16th over - 0 runs, 0 hits, 0 errors, 1 left on base; Richmond 2 - Buffalo 2 |
| BOTTOM OF THE 16TH |
|
Buffalo Bisons batting - Pitching for Richmond Braves : RHP David Drumright
|
|
Batting: SHB George D Wright
|
0-0: Ground out 6-3 (Groundball, 6, EV 98.8 MPH)
|
|
Batting: RHB Philip Klimas
|
0-0: Called Strike 0-1: Ball 1-1: Ball 2-1: Called Strike 2-2: Ground out 6-3 (Groundball, 6, EV 91.3 MPH)
|
|
Pinch Hitting: SHB George Zeber
|
0-0: Ball 1-0: Ball 2-0: Foul Ball, location: 2F 2-1: Foul Ball, location: 2F 2-2: Foul Ball, location: 2F 2-2: Strikes out swinging
|
| Bottom of the 16th over - 0 runs, 0 hits, 0 errors, 0 left on base; Richmond 2 - Buffalo 2 |
| TOP OF THE 17TH |
|
Richmond Braves batting - Pitching for Buffalo Bisons : LHP Richard Graser
|
|
Now at C: Jaeden Rose
|
|
|
Batting: RHB Dave Stegman
|
0-0: Ball 1-0: Called Strike 1-1: Ball 2-1: Ball 3-1: Base on Balls
|
|
Batting: RHB Mike Fuentes
|
0-0: Ball 1-0: Ball 2-0: SINGLE (Line Drive, 9S, EV 110.0 MPH) Dave Stegman to second
|
|
Batting: SHB Howard Johnson
|
0-0: Ball 1-0: Ball 2-0: Called Strike 2-1: Ball 3-1: Foul Ball, location: 2F 3-2: Base on Balls Dave Stegman to third Mike Fuentes to second
|
|
Batting: LHB Chris Evans
|
0-0: Ball 1-0: Ball 2-0: Ball 3-0: Called Strike 3-1: Base on Balls Dave Stegman scores Mike Fuentes to third Howard Johnson to second
|
|
Batting: RHB Craig Kusick
|
0-0: Called Strike 0-1: Foul Ball, location: 2F 0-2: Fly out, F9 (Line Drive, 9, EV 93.1 MPH) Runner from 3rd tags up, SCORES, no throw by RF
|
|
Batting: LHB Matt Winters
|
0-0: Ball 1-0: Called Strike 1-1: Swinging Strike 1-2: Strikes out swinging
|
|
Batting: LHB Dan Rohn
|
0-0: Ball 1-0: SINGLE (Groundball, 4D, EV 103.8 MPH) Howard Johnson to third Chris Evans to second Runner from 3rd tries for Home, SAFE, throw by CF to home
|
|
Batting: SHB Julio Cruz
|
0-0: Fly out, F8 (Flyball, 8RD, EV 80.0 MPH)
|
| Top of the 17th over - 3 runs, 2 hits, 0 errors, 2 left on base; Richmond 5 - Buffalo 2 |
| BOTTOM OF THE 17TH |
|
Buffalo Bisons batting - Pitching for Richmond Braves : RHP David Drumright
|
|
Batting: RHB Nicholas Kintz
|
0-0: Ball 1-0: Ground out 6-3 (Groundball, 56, EV 111.9 MPH)
|
|
Batting: LHB Gary Rajsich
|
0-0: Ball 1-0: Foul Ball, location: 2F 1-1: Fly out, F8 (Flyball, 78M, EV 89.4 MPH)
|
|
Batting: RHB Stephen Chandler
|
0-0: Called Strike 0-1: Ground out 6-3 (Groundball, 6, EV 104.4 MPH)
|
| Bottom of the 17th over - 0 runs, 0 hits, 0 errors, 0 left on base; Richmond 5 - Buffalo 2 |
|